 Dungeon Crawl Stone Soup version 0.24-a0-536-gdd4cf15266 (webtiles) character file.

Game seed: 12316479875474175825

13566 Gargoyl the Cleaver (level 11, -4/136 (138) HPs)
             Began as a Centaur Abyssal Knight on Aug 9, 2019.
             Was an Elder of Lugonu.
             Killed from afar by a lindwurm (33 damage)
             ... with a blast of flame
             ... in a volcano on Aug 11, 2019.
             The game lasted 00:26:03 (17061 turns).

Gargoyl the Cleaver (Centaur Abyssal Knight)       Turns: 17061, Time: 00:26:04

HP:   -4/136 (138)  AC: 17    Str: 27    XL:     11   Next: 77%
MP:   17/17         EV:  8    Int: 11    God:    Lugonu [****..]
Gold: 814           SH:  0    Dex: 16    Spells: 10/10 levels left

rFire    . . .     SeeInvis .   a - +3 hand axe
rCold    x . .     Gourm    .   (no shield)
rNeg     + . .     Faith    .   E - +2 plate armour
rPois    +         Spirit   .   (helmet restricted)
rElec    .         Reflect  .   (no cloak)
rCorr    .         Harm     .   m - +2 pair of gloves
MR       .....     Clarity  +   (no barding)
Stlth    ..........             r - amulet of Sin {Acrobat rPois rC- rN+ Dex+5}
HPRegen  0.32/turn              y - +4 ring of strength
MPRegen  0.15/turn              (no ring)

@: mighty, berserking, very quick
A: large, hooves 3, horns 1, clarity, deformed body, speed 2, strong 1, tough
skin 3
a: Depart the Abyss, Bend Space, Banish, Corrupt, Renounce Religion


You were in a volcano.
You worshipped Lugonu.
Lugonu was greatly pleased with you.
You were not hungry.

You visited 2 branches of the dungeon, and saw 12 of its levels.
You visited the Abyss 1 time.
You also visited: Volcano.

You collected 814 gold pieces.

Inventory:

Hand Weapons
 a - a +3 hand axe (weapon)
Missiles
 f - 11 boomerangs (quivered)
Armour
 m - a +2 pair of gloves (worn)
 E - a +2 plate armour (worn)
Jewellery
 r - the amulet of Sin (around neck) {Acrobat rPois rC- rN+ Dex+5}
   (You found it on level 7 of the Dungeon)

   [amulet of the acrobat]

   It helps you evade while moving and waiting.
   It affects your dexterity (+5).
   It makes you vulnerable to cold.
   It protects you from poison.
   It protects you from negative energy.
 y - a +4 ring of strength (left hand)
Wands
 n - a wand of iceblast (2)
 B - a wand of paralysis (9)
 D - a wand of scattershot (6)
Scrolls
 b - 4 scrolls of teleportation
 g - 4 scrolls of fear
 p - a scroll of identify
 t - 2 scrolls of magic mapping
 x - a scroll of remove curse
 C - a scroll of fog
Potions
 d - 2 potions of might
 e - 2 potions of brilliance
 i - 4 potions of lignification
 j - 4 potions of haste
 l - 3 potions of curing
 o - a potion of agility {unknown}
 s - 2 potions of cancellation {unknown}
 u - a potion of heal wounds {unknown}
 v - 3 potions of invisibility {unknown}
 w - 2 potions of flight {unknown}
 z - 2 potions of resistance {unknown}
Comestibles
 c - 17 rations
 k - 2 chunks of flesh


   Skills:
 + Level 7.4 Fighting
 + Level 9.2 Axes
 + Level 2.2 Throwing
 * Level 8.2 Armour
 * Level 5.5 Dodging
 * Level 8.5 Invocations
 + Level 1.6 Evocations


You had 10 spell levels left.
You didn't know any spells.
Your spell library contained the following spells:

 Spells                   Type           Power        Failure   Level  Hunger
 Animate Skeleton         Necr           N/A          98%         1    ##.....
 Apportation              Tloc           #.....       98%         1    ##.....
 Beastly Appendage        Tmut           #.....       98%         1    ##.....
 Confusing Touch          Hex            #.....       98%         1    ##.....
 Summon Small Mammal      Summ           #...         98%         1    ##.....
 Sticks to Snakes         Tmut           #.......     99%         2    ###....
 Spider Form              Tmut/Pois      #.........   100%        3    ####...
 Ice Form                 Ice/Tmut       #.......     100%        4    #####..
 Blade Hands              Tmut           #.........   100%        5    ######.


Dungeon Overview and Level Annotations

Branches:
Dungeon (11/15)            Temple (0/1) D:5            Lair (1/6) D:10
    Orc (0/2) D:11

Altars:
Cheibriados
Elyvilon
Gozag
Kikubaaqudgha
Makhleb
Nemelex Xobeh
Qazlal
Ru
Sif Muna
Trog
Uskayaw
Vehumet
Wu Jian
Xom

Portals:
Trove: D:11 (give 8 potions of agility)


Innate Abilities, Weirdness & Mutations

You have hooves in place of feet.
Armour fits poorly on your strangely shaped body.
You cover ground very quickly.
You have extremely tough skin. (AC +3)
You have a pair of small horns on your head.
You possess an exceptional clarity of mind.
Your muscles are strong. (Str +2)


Message History

Lugonu accepts your kill.
You slash the lindwurm!
Unknown command.
You barely miss the lindwurm. You kick the lindwurm!
The lindwurm is moderately wounded.
The lindwurm breathes flames at you. The blast of flame hits you!!
* * * LOW HITPOINT WARNING * * *
You slash the steam dragon! You kick the steam dragon!
You headbutt the steam dragon!
You kill the steam dragon!
Lugonu accepts your kill.
The steam dragon scales are intact enough to wear.
You barely miss the lindwurm.
Unknown command.
You slash the lindwurm! You kick the lindwurm! You headbutt the lindwurm!
The lindwurm is almost dead.
The lindwurm breathes flames at you. The blast of flame hits you!!
You die...

≈≈$## ?)!.##
.$.).# k[$.#
.h.# ..# ###.#
#@[.## #.#
##k..#...#
##........
##.....§.≈≈
##....≈§§≈≈≈
##....§≈§§§≈≈
#....≈§§§≈≈≈≈
#.....≈≈≈§§≈≈
####....≈≈§≈≈≈§≈


You could see a lindwurm.

Vanquished Creatures
  A two-headed ogre (D:8)
  An unseen horror (D:10)
  A deep elf mage (D:11)
  A cyclops (D:9)
  A kobold demonologist (D:11)
  3 trolls
  A merfolk (D:11)
  Prince Ribbit (D:5)
  A hippogriff (Lair:1)
  A meliai zombie (D:11)
  7 yaks
  2 wraiths (D:9)
  A wyvern (D:8)
  A hungry ghost (D:8)
  A steam dragon (Volcano)
  A hell hound (Volcano)
  3 water moccasins (Lair:1)
  2 black bears
  5 orc warriors
  4 sky beasts
  An eye of draining (D:11)
  A phantom (D:9)
  2 ice beasts
  8 ogres
  5 necrophages
  7 centaurs
  3 big kobolds (D:11)
  8 bullfrogs
  A wyvern skeleton (D:10)
  3 scorpions
  6 wights
  2 howler monkeys
  8 crimson imps
  4 human zombies (D:9)
  A bullfrog zombie (D:7)
  A quasit (D:6)
  3 centaur zombies
  7 jellies
  4 orc priests
  9 hounds
  9 orc wizards
  2 bullfrog skeletons
  An iguana (D:6)
  Natasha (thrice) (D:3)
  11 worker ants
  A killer bee zombie (D:6)
  A hound skeleton (D:9)
  A mummy (D:9)
  A worker ant zombie (D:10)
  15 adders
  2 shadow imps
  2 worms (D:3)
  9 dart slugs
  13 leopard geckos
  37 orcs
  2 ball pythons (D:1)
  7 giant cockroaches
  11 goblins
  11 hobgoblins
  4 jackals (D:4)
  16 kobolds
  7 quokkas
  A ball python zombie (D:5)
  10 bats
  13 frilled lizards
  A leopard gecko skeleton (D:5)
  2 orc zombies (D:9)
  A quokka zombie (D:5)
  7 rats
324 creatures vanquished.

Vanquished Creatures (others)
  A two-headed ogre (D:9)
  2 guardian mummies (D:11)
  A hornet (D:9)
  A vampire (D:11)
  An orc warrior (D:7)
6 creatures vanquished.

Grand Total: 330 creatures vanquished

Notes
Turn   | Place    | Note
-------+----------+-------------------------------------------
     0 | Abyss:1  | Gargoyl the Centaur Abyssal Knight began the quest for the
                  | Orb.
     0 | Abyss:1  | Reached XP level 1. HP: 19/19 MP: 2/2
    88 | Abyss:1  | Noticed a large abomination
    91 | Abyss:1  | Noticed a small abomination
   108 | Abyss:1  | Noticed an ice beast
   118 | Abyss:1  | Noticed a titan zombie
   221 | Abyss:1  | Noticed a bone dragon
   226 | Abyss:1  | Noticed a large abomination
   227 | Abyss:1  | Noticed an orange demon
   240 | D:1      | Escaped the Abyss
   276 | D:1      | Reached * piety under Lugonu
   383 | D:1      | Reached XP level 2. HP: 24/26 MP: 3/3
   590 | D:1      | Reached skill level 2 in Axes
   637 | D:1      | Reached skill level 1 in Dodging
  1175 | D:1      | Reached XP level 3. HP: 31/31 MP: 4/4
  1832 | D:2      | Reached ** piety under Lugonu
  1899 | D:2      | Reached XP level 4. HP: 39/40 MP: 5/5
  2490 | D:2      | Found a shimmering altar of Xom.
  2858 | D:3      | Reached XP level 5. HP: 46/46 MP: 7/7
  2963 | D:3      | Reached skill level 3 in Axes
  3048 | D:3      | Found a sparkling altar of Nemelex Xobeh.
  3048 | D:3      | Found a snail-covered altar of Cheibriados.
  3049 | D:3      | Found a burning altar of Makhleb.
  3098 | D:3      | Gained mutation: Your body sometimes deteriorates upon
                  | taking damage. [potion of mutation]
  3098 | D:3      | Gained mutation: Your mind is acute. (Int +2) [potion of
                  | mutation]
  3098 | D:3      | Gained mutation: You are agile. (Dex +2) [potion of
                  | mutation]
  3224 | D:3      | Noticed Natasha
  3238 | D:3      | Killed Natasha
  3540 | D:3      | Reached *** piety under Lugonu
  3738 | D:3      | Found an ornate altar of the Wu Jian Council.
  3790 | D:3      | Noticed Natasha
  3810 | D:3      | Killed Natasha
  3810 | D:3      | Reached XP level 6. HP: 37/52 MP: 8/8
  3926 | D:3      | Noticed Natasha
  3937 | D:3      | Killed Natasha
  4126 | D:4      | Found a bloodstained altar of Trog.
  4318 | D:4      | HP: 2/52 [ogre/+0 giant club (27)]
  4338 | D:4      | Reached XP level 7. HP: 5/59 MP: 9/9
  4623 | D:4      | You fall into a shaft and drop 3 floors!
  4658 | D:7      | Reached skill level 1 in Evocations
  4674 | D:7      | Reached skill level 4 in Axes
  5144 | D:6      | Found a sacrificial altar of Ru.
  5176 | D:6      | You fall into a shaft and drop 1 floor!
  5284 | D:7      | Got a bound diamond amulet
  5597 | D:5      | Entered Level 5 of the Dungeon
  5717 | D:5      | Noticed Prince Ribbit
  5723 | D:5      | Killed Prince Ribbit
  5723 | D:5      | Reached XP level 8. HP: 57/67 MP: 9/11
  5965 | D:5      | Reached **** piety under Lugonu
  6251 | D:5      | Found a bloodstained altar of Trog.
  6309 | D:5      | Found an opulent altar of Gozag.
  6338 | D:5      | Found a staircase to the Ecumenical Temple.
  6418 | D:5      | Reached skill level 5 in Axes
  6718 | D:5      | Upgraded the game from 0.24-a0-530-g18ba70b503 to
                  | 0.24-a0-536-gdd4cf15266
  6762 | D:5      | Identified the amulet of Sin {Acrobat rPois rC- rN+ Dex+5}
                  | (You found it on level 7 of the Dungeon)
  7701 | D:4      | Found a stormy altar of Qazlal.
  7709 | D:4      | Noticed an air elemental
  8007 | D:6      | Found a shimmering blue altar of Sif Muna.
  8281 | D:6      | Reached skill level 5 in Invocations
  8596 | D:6      | Reached skill level 5 in Fighting
  8672 | D:6      | Reached skill level 5 in Armour
  8848 | D:6      | Lost mutation: Your mind is acute. (Int +2) [potion of
                  | mutation]
  8848 | D:6      | Lost mutation: Your body sometimes deteriorates upon taking
                  | damage. [potion of mutation]
  8848 | D:6      | Lost mutation: You are agile. (Dex +2) [potion of mutation]
  8848 | D:6      | Gained mutation: Your muscles are strong. (Str +2) [potion
                  | of mutation]
  8848 | D:6      | Gained mutation: You possess an exceptional clarity of
                  | mind. [potion of mutation]
  8848 | D:6      | Gained mutation: You have a pair of small horns on your
                  | head. [potion of mutation]
  8944 | D:7      | Reached XP level 9. HP: 73/74 MP: 12/12
  9148 | D:7      | Reached skill level 1 in Throwing
 10110 | D:8      | Found a radiant altar of Vehumet.
 10271 | D:8      | Reached skill level 6 in Axes
 10714 | D:8      | Noticed a two-headed ogre
 10735 | D:8      | Killed a two-headed ogre
 11023 | D:8      | Reached XP level 10. HP: 57/83 MP: 14/14
 11300 | D:8      | Found a white marble altar of Elyvilon.
 11880 | D:9      | Paralysed by a hornet for 1 turns
 11888 | D:9      | Reached skill level 7 in Axes
 12148 | D:9      | Found a hide-covered altar of Uskayaw.
 12259 | D:9      | Noticed a two-headed ogre
 12282 | D:9      | Banished a two-headed ogre
 12594 | D:9      | Found an ancient bone altar of Kikubaaqudgha.
 13283 | D:9      | Noticed a cyclops
 13301 | D:9      | Killed a cyclops
 13721 | D:10     | Entered Level 10 of the Dungeon
 13971 | D:10     | Reached XP level 11. HP: 84/90 MP: 16/16
 14138 | D:10     | Found a staircase to the Lair.
 14269 | D:10     | Killed an unseen horror
 14269 | D:10     | Reached skill level 8 in Axes
 15117 | D:11     | Found a staircase to the Orcish Mines.
 15120 | D:11     | Noticed a deep elf mage
 15418 | D:11     | Reached ***** piety under Lugonu
 15425 | D:11     | Reached skill level 5 in Dodging
 15429 | D:11     | Killed a deep elf mage
 15882 | D:11     | Noticed an eight-headed hydra
 15896 | D:11     | Banished an eight-headed hydra
 16322 | D:11     | Reached skill level 9 in Axes
 16366 | D:11     | Found a portal to a secret trove of treasure.
 16732 | Lair:1   | Entered Level 1 of the Lair of Beasts
 16947 | Lair:1   | Noticed a lindwurm
 16950 | Lair:1   | Found a dark tunnel.
 16957 | Volcano  | Entered a volcano
 17048 | Volcano  | Noticed a lindwurm
 17061 | Volcano  | Killed from afar by a lindwurm

Levels and vault maps discovered:
D:1:      dpeg_arrival_radiant, layout_basic, minmay_bisected
D:2:      layout_basic, old_standard_altar, first_ration, st_stairs_5
D:3:      layout_basic, marbit_many_paths,
          chequers_temple_overflow_statue_of_worship, uniq_natasha
D:4:      layout_loops_ring, nicolae_qazlal_style_of_elements,
          lemuel_round_altar
D:5:      kennysheep_slugbush, layout_basic,
          nicolae_gozag_cash_rules_everything_around_me, temple_doors_e,
          minmay_ruined_shrine, uniq_prince_ribbit1
D:6:      minmay_chambers_of_fours, layout_rooms, lemuel_crystal_altar,
          basic_altar
D:7:      layout_loops_corners, lightli_corner_chamber
D:8:      layout_cave_pods, elyvilon_altar_3, kennysheep_mini_moat
D:9:      minmay_razor_zed, layout_rooms, lemuel_mausoleum_altar_kikubaaqudgha,
          lemuel_round_altar
D:10:     layout_gridville, lair_entry_dummy
D:11:     layout_long_grid, nicolae_trove_entry_path_of_doom,
          hangedman_fish_farm, item_on_display_a
Lair:1:   layout_gridlike, nicolae_volcano_entry_vermiform,
          gammafunk_ghost_grave
Volcano:  volcano_pools

Skill      XL: |  1  2  3  4  5  6  7  8  9 10 11 |
---------------+----------------------------------+-----
Axes           | 2 3 4 5 6 7 9 |  9.2
Dodging        | 1 2 3 4 5 |  5.5
Armour         | 2 3 5 6 7 8 |  8.2
Invocations    | 3 4 5 6 7 8 |  8.5
Fighting       | 4 5 6 7 |  7.4
Evocations     | 1 |  1.6
Throwing       | 1 2 |  2.2

Action                   |  1- 3 |  4- 6 |  7- 9 | 10-12 || total
-------------------------+-------+-------+-------+-------++-------
Melee: Hand axe          |    93 |   183 |   370 |   429 ||  1075
       Kick              |    11 |    28 |   122 |   187 ||   348
       Headbutt          |       |       |    29 |   112 ||   141
Throw: Boomerang         |       |       |    11 |     2 ||    13
Invok: Depart the Abyss  |     1 |       |       |       ||     1
       Banish            |       |       |     1 |     7 ||     8
Evoke: Wand              |       |     3 |     8 |     4 ||    15
  Use: Scroll            |     5 |     6 |     5 |    11 ||    27
       Potion            |       |     2 |     2 |     2 ||     6
  Eat: Chunk             |     1 |     8 |    20 |    19 ||    48
       Ration            |       |       |     1 |       ||     1
Armor: Leather armour    |    38 |       |       |       ||    38
       Scale mail        |     1 |   109 |   151 |   113 ||   374
       Plate armour      |       |       |       |   164 ||   164
Dodge: Dodged            |    43 |    79 |   192 |   251 ||   565

Table legend:
 A = Non-vault XP
 B = Vault XP
 C = Vault XP percentage of total XP
 D = Non-vault monster count
 E = Vault monster count
 F = Vault count percentage of total count
                 A         B        C        D         E       F
            +---------+---------+-------+---------+---------+-------
      Total |   14261 |    5119 |  26.4 |     273 |      57 |  17.3
            +---------+---------+-------+---------+---------+-------
        D:1 |      38 |       4 |   9.5 |      23 |       2 |   8.0
        D:2 |     125 |       6 |   4.6 |      31 |       2 |   6.1
        D:3 |     213 |      38 |  15.1 |      32 |       2 |   5.9
        D:4 |     381 |       0 |   0.0 |      16 |       0 |   0.0
        D:5 |     391 |     576 |  59.6 |      21 |      16 |  43.2
        D:6 |     495 |     240 |  32.7 |      14 |       5 |  26.3
        D:7 |     872 |       0 |   0.0 |      20 |       0 |   0.0
        D:8 |    2429 |       0 |   0.0 |      30 |       0 |   0.0
        D:9 |    1540 |    3240 |  67.8 |      19 |      25 |  56.8
       D:10 |    1858 |       0 |   0.0 |      18 |       0 |   0.0
       D:11 |    5033 |     686 |  12.0 |      43 |       3 |   6.5
     Lair:1 |     886 |       0 |   0.0 |       6 |       0 |   0.0
    Volcano |       0 |     329 | 100.0 |       0 |       2 | 100.0
            +---------+---------+-------+---------+---------+-------
